 Dungeon Crawl Stone Soup version 0.21-a0-150-gc243083 (webtiles) character file.

23536 namelastname112 the Covert (level 12, -1/92 HPs)
             Began as a Vampire Enchanter on July 26, 2017.
             Was an Initiate of Gozag.
             Slain by an eight-headed hydra (11 damage)
             ... on level 13 of the Dungeon.
             The game lasted 00:29:19 (12784 turns).

namelastname112 the Covert (Vampire Enchanter)     Turns: 12784, Time: 00:29:20

Health: -1/92      AC:  5    Str:  7    XL:     12   Next: 72%
Magic:  24/24      EV: 23    Int: 18    God:    Gozag
Gold:   1899       SH:  0    Dex: 21    Spells: 16/28 levels left

rFire    . . .     SeeInvis +   u - +3 dagger (venom)
rCold    + + .     Gourm    .   (no shield)
rNeg     + + +     Faith    .   K - +0 robe {MR+}
rPois    ∞         Spirit   .   h - +0 helmet
rElec    .         Reflect  .   y - +0 cloak
rCorr    .         Harm     .   (no gloves)
MR       ++...                  e - +0 pair of boots
Stlth    ++++++++..             d - amulet of magic regeneration
HPRegen  0.00/turn              f - +2 ring of evasion
MPRegen  0.44/turn              A - +2 ring of dexterity

@: bloodless, non-regenerating
A: fangs 3, see invisible, unbreathing
a: Bat Form, Potion Petition, Call Merchant, Bribe Branch, Renounce Religion


You were on level 13 of the Dungeon.
You worshipped Gozag.
Gozag was most pleased with you.
You were bloodless.

You visited 2 branches of the dungeon, and saw 14 of its levels.
You also visited: Ossuary.

You collected 2524 gold pieces.
You paid 625 gold pieces to Gozag.

Inventory:

Hand Weapons
 u - a +3 dagger of venom (weapon)
Armour
 e - a +0 pair of boots (worn)
 h - a +0 helmet (worn)
 y - a +0 cloak (worn)
 z - a +0 buckler
 K - a +0 robe of magic resistance (worn)
Jewellery
 d - an amulet of magic regeneration (around neck)
 f - a +2 ring of evasion (left hand)
 l - an uncursed ring of flight
 p - a cursed amulet of inaccuracy {unknown}
 A - a +2 ring of dexterity (right hand)
 E - an uncursed ring of ice
 P - an uncursed ring of wizardry {unknown}
Wands
 w - a wand of disintegration (3/24)
 G - a wand of enslavement (9/24)
 L - a wand of disintegration (14/24)
 N - a wand of lightning (10/15)
 O - a wand of digging (11/24)
 Q - a wand of confusion (24/48)
Scrolls
 b - a scroll of magic mapping
 i - 2 scrolls of remove curse
 j - 4 scrolls of teleportation
 m - 2 scrolls of immolation
 q - 2 scrolls of amnesia
 r - 4 scrolls of enchant weapon
 I - 3 scrolls of identify
Potions
 g - 5 potions of curing
 k - 2 potions of brilliance {unknown}
 n - 2 potions of cancellation {unknown}
 o - 2 potions of might
 s - 3 potions of haste
 t - 4 potions of flight {unknown}
 v - 2 potions of invisibility {unknown}
 x - a potion of agility {unknown}
 B - 2 potions of lignification
 C - 3 potions of resistance {unknown}
 D - 2 potions of berserk rage
 F - a potion of magic
 H - 3 potions of ambrosia
 J - a potion of blood
Books
 a - a book of Minor Magic

   Spells                             Type                      Level
   a - Magic Dart                     Conjuration                  1
   b - Blink                          Translocation                2
   c - Call Imp                       Summoning                    2
   d - Slow                           Hexes                        2
   e - Conjure Flame                  Conjuration/Fire             3
   f - Mephitic Cloud                 Conjuration/Poison/Air       3
 c - a book of Maledictions

   Spells                             Type                      Level
   a - Corona                         Hexes                        1
   b - Ensorcelled Hibernation        Hexes/Ice                    2
   c - Confuse                        Hexes                        3
   d - Tukima's Dance                 Hexes                        3
   e - Dazzling Spray                 Conjuration/Hexes            3
 M - a book of Clouds

   Spells                             Type                      Level
   a - Poisonous Vapours              Poison/Air                   2
   b - Mephitic Cloud                 Conjuration/Poison/Air       3
   c - Conjure Flame                  Conjuration/Fire             3
   d - Freezing Cloud                 Conjuration/Ice/Air          6
   e - Ring of Flames                 Charms/Fire                  7


   Skills:
 + Level 8.1 Fighting
 + Level 9.6 Short Blades
 + Level 9.9 Dodging
 + Level 13.9 Stealth
 + Level 8.5 Spellcasting
 + Level 13.2 Hexes


You had 16 spell levels left.
You knew the following spells:

 Your Spells              Type           Power        Failure   Level  Hunger
a - Corona                Hex            ######.      1%          1    None
c - Dazzling Spray        Conj/Hex       ####..       1%          3    None
d - Tukima's Dance        Hex            ######..     1%          3    None
x - Confuse               Hex            ######..     1%          3    None
z - Ensorcelled Hibernat  Hex/Ice        ####..       1%          2    None


Dungeon Overview and Level Annotations

Branches:
Dungeon (13/15)            Temple (1/1) D:7            Lair (0/6) D:9
    Orc (0/2) D:10         Vaults (0/5) D:13

Altars:
Ashenzari
Cheibriados
Dithmenos
Fedhas
Gozag
Hepliaklqana
Kikubaaqudgha
Makhleb
Nemelex Xobeh
Okawaru
Qazlal
Ru
Sif Muna
Trog
Uskayaw
Xom
Zin
The Shining One

Portals:
Trove: D:12 (give 11 potions of heal wounds)

Annotations:
D:12 Azrael
D:13 Kirke


Innate Abilities, Weirdness & Mutations

You do not heal naturally.
You are immune to poison.
You have razor-sharp teeth.
You have supernaturally acute eyesight. (SInv)
You can survive without breathing.


Message History

Aim: an eight-headed hydra (chance to defeat MR: 39%)
The eight-headed hydra resists with some effort.
You now have 21/24 mp.
Things that are here:
a dagger; a robe MP restored: 24 The eight-headed hydra completely misses you.
The eight-headed hydra closely misses you.
The eight-headed hydra bites you! The eight-headed hydra misses you.
The eight-headed hydra bites you. x2; The eight-headed hydra bites you! x2
* * * LOW HITPOINT WARNING * * *
You take 42 damage, and have 18/92 hp.
MASSIVE DAMAGE!!
The eight-headed hydra bites you!
* * * LOW HITPOINT WARNING * * *
The eight-headed hydra barely misses you.
The eight-headed hydra misses you.
The eight-headed hydra barely misses you.
The eight-headed hydra bites you!
You die...
Your body crumbles into a pile of gold.

####.#........#.....# #..#
.....#........#.....#####..#
.....####'#...#............#
..........#####............#
..).).Y....................###
..)....<..######.............#
..........# #..>..........#
..........# #.............#
......###.# #@)..........##
#####.# #.######D...........#
#.# #.Y.Y........######## #.#
#............# #.#
############.# #.# ### ###


You could see an eight-headed hydra.

Vanquished Creatures
  Rupert (D:12)
  Erolcha (D:12)
  3 two-headed ogres
  A death yak (D:11)
  2 unseen horrors
  2 ugly things
  A cyclops (D:11)
  A manticore (shapeshifter) (D:13)
  2 manticores (D:13)
  A spiny frog (shapeshifter) (D:13)
  A komodo dragon (D:10)
  2 trolls
  A blink frog (shapeshifter) (D:13)
  3 hippogriffs
  5 slime creatures (D:12)
  A shadow (D:13)
  23 yaks
  A wraith (D:11)
  2 vampires (D:13)
  2 wyverns
  Eustachio (D:6)
  A steam dragon (D:11)
  Edmund (D:4)
  2 wargs (D:9)
  An acid dragon (D:13)
  A hell hound (D:12)
  Duvessa (D:5)
  2 eyes of draining
  2 sky beasts
  7 orc warriors
  A phantom (D:11)
  3 ice beasts
  A black bear (D:7)
  3 ogres
  6 centaurs
  2 big kobolds
  2 elf zombies (Ossuary)
  7 bullfrogs
  2 wyvern zombies
  A gnoll sergeant (D:8)
  Dowan (D:5)
  A wyvern skeleton (D:10)
  5 scorpions
  8 wights
  5 howler monkeys
  2 centaur zombies (Ossuary)
  7 crimson imps
  The ghost of Yermak the Sneak, a weakling SpFi (D:4)
  2 quasits (D:9)
  2 bullfrog zombies
  7 orc priests
  6 hounds
  4 centaur skeletons
  3 bullfrog skeletons
  A gnoll shaman (D:9)
  4 jellies
  Ijyb (D:3)
  Crazy Yiuf (D:3)
  Jessica (D:3)
  5 iguanas
  13 orc wizards
  4 worker ants
  2 big kobold zombies (Ossuary)
  2 hound skeletons
  2 hound zombies
  3 mummies (Ossuary)
  Robin (D:3)
  A howler monkey skeleton (D:10)
  13 gnolls
  13 adders
  4 shadow imps
  4 oozes
  3 adder zombies (Ossuary)
  An adder skeleton (D:7)
  A worm (D:3)
  A dart slug (D:2)
  4 leopard geckos
  39 orcs
  A ball python (D:2)
  8 giant cockroaches
  A gnoll zombie (Ossuary)
  17 goblins
  8 hobgoblins
  11 jackals
  5 quokkas
  9 bats
  8 frilled lizards
  3 goblin zombies (Ossuary)
  6 hobgoblin zombies (Ossuary)
  A jackal zombie (Ossuary)
  24 kobolds
  3 kobold zombies (Ossuary)
  An orc zombie (Ossuary)
  A quokka skeleton (D:8)
  6 quokka zombies (Ossuary)
  11 rats
  6 rat zombies (Ossuary)
411 creatures vanquished.

Vanquished Creatures (collateral kills)
  Fannar (D:10)
  2 two-headed ogres (D:10)
  2 wights
  An orc priest (D:9)
6 creatures vanquished.

Vanquished Creatures (others)
  2 dancing weapons
  A plant (D:9)
3 creatures vanquished.

Grand Total: 420 creatures vanquished

Notes
Turn   | Place    | Note
-------+----------+-------------------------------------------
     0 | D:1      | namelastname112 the Vampire Enchanter began the quest for the Orb.
     0 | D:1      | Reached XP level 1. HP: 13/13 MP: 3/3
     1 | D:1      | Found a runed door.
   320 | D:1      | Reached XP level 2. HP: 11/20 MP: 5/5
   333 | D:1      | Learned a level 2 spell: Ensorcelled Hibernation
   731 | D:1      | Reached XP level 3. HP: 6/25 MP: 0/6
   754 | D:1      | Reached skill level 5 in Stealth
   795 | D:1      | Reached skill level 5 in Hexes
  1513 | D:2      | Reached XP level 4. HP: 23/31 MP: 2/7
  1544 | D:2      | Learned a level 3 spell: Confuse
  1710 | D:2      | Found a bloodstained altar of Trog.
  1888 | D:3      | Found a sacrificial altar of Ru.
  1889 | D:3      | Noticed Jessica
  1891 | D:3      | Reached skill level 1 in Fighting
  1897 | D:3      | Killed Jessica
  1897 | D:3      | Reached XP level 5. HP: 37/37 MP: 7/9
  2269 | D:3      | Noticed Robin
  2322 | D:3      | Killed Robin
  2445 | D:3      | Learned a level 3 spell: Tukima's Dance
  2522 | D:3      | Noticed Ijyb
  2525 | D:3      | Killed Ijyb
  2525 | D:3      | Reached XP level 6. HP: 44/44 MP: 10/10
  2864 | D:3      | Found a runed door.
  2868 | D:3      | Noticed Crazy Yiuf
  2872 | D:3      | Killed Crazy Yiuf
  2978 | D:4      | Found a hide-covered altar of Uskayaw.
  2995 | D:4      | Found a shadowy altar of Dithmenos.
  3114 | D:4      | Noticed Edmund
  3129 | D:4      | Killed Edmund
  3129 | D:4      | Reached XP level 7. HP: 46/50 MP: 8/12
  3684 | D:4      | Noticed Yermak's ghost (weakling SpFi)
  3690 | D:4      | Killed Yermak's ghost
  3837 | D:5      | Entered Level 5 of the Dungeon
  3904 | D:5      | Reached XP level 8. HP: 27/58 MP: 2/13
  4266 | D:5      | Noticed Dowan
  4267 | D:5      | Noticed Duvessa
  4282 | D:5      | Killed Duvessa
  4284 | D:5      | Killed Dowan
  4284 | D:5      | Reached skill level 5 in Dodging
  4642 | D:6      | Found a sand-covered staircase.
  4647 | Ossuary  | Entered an ossuary
  4846 | Ossuary  | Reached skill level 5 in Short Blades
  5044 | Ossuary  | Reached XP level 9. HP: 37/65 MP: 9/16
  5462 | D:6      | Noticed Eustachio
  5488 | D:6      | Killed Eustachio
  5488 | D:6      | Reached skill level 5 in Spellcasting
  6178 | D:7      | Found a shimmering altar of Xom.
  6178 | D:7      | Found a hide-covered altar of Uskayaw.
  6178 | D:7      | Found a blossoming altar of Fedhas.
  6179 | D:7      | Found a blossoming altar of Fedhas.
  6179 | D:7      | Found a glowing silver altar of Zin.
  6179 | D:7      | Found a burning altar of Makhleb.
  6180 | D:7      | Found a glowing silver altar of Zin.
  6180 | D:7      | Found an ancient bone altar of Kikubaaqudgha.
  6182 | D:7      | Found a shimmering altar of Xom.
  6183 | D:7      | Found a hazy altar of Hepliaklqana.
  6183 | D:7      | Found a deep blue altar of Sif Muna.
  6183 | D:7      | Found a glowing golden altar of the Shining One.
  6187 | D:7      | Found a staircase to the Ecumenical Temple.
  6201 | Temple   | Entered the Ecumenical Temple
  6293 | Temple   | Became a worshipper of Gozag Ym Sagoz the Greedy
  6641 | D:7      | You fall through a shaft!
  6649 | D:8      | Noticed a two-headed ogre
  6657 | D:8      | Killed a two-headed ogre
  6657 | D:8      | Reached skill level 10 in Stealth
  6757 | D:7      | Found a deep blue altar of Sif Muna.
  7033 | D:8      | Reached skill level 5 in Fighting
  7643 | D:9      | Reached XP level 10. HP: 74/74 MP: 15/18
  7802 | D:9      | Found a staircase to the Lair.
  7870 | D:9      | Reached skill level 10 in Hexes
  8921 | D:9      | Learned a level 3 spell: Dazzling Spray
  8947 | D:9      | Noticed a two-headed ogre
  8964 | D:9      | Killed a two-headed ogre
  9713 | D:10     | Entered Level 10 of the Dungeon
  9724 | D:10     | Noticed a two-headed ogre
  9893 | D:10     | Killed a two-headed ogre
  9980 | D:10     | Noticed a two-headed ogre
  9991 | D:10     | Killed a two-headed ogre
  9991 | D:10     | Reached XP level 11. HP: 57/81 MP: 10/20
 10138 | D:10     | Noticed Fannar
 10152 | D:10     | Killed Fannar
 10181 | D:10     | Noticed an unseen horror
 10192 | D:10     | Killed an unseen horror
 10451 | D:10     | Found a staircase to the Orcish Mines.
 10609 | D:11     | Noticed a green ugly thing
 10892 | D:11     | Noticed a two-headed ogre
 10895 | D:11     | Killed a two-headed ogre
 11522 | D:11     | Killed a green ugly thing
 11555 | D:11     | Noticed a death yak
 11595 | D:11     | Killed a death yak
 11803 | D:12     | Noticed Erolcha
 11807 | D:12     | Killed Erolcha
 11807 | D:12     | Reached XP level 12. HP: 91/91 MP: 23/23
 11836 | D:12     | Noticed Rupert
 11854 | D:12     | Killed Rupert
 12018 | D:12     | Found a portal to a secret trove of treasure.
 12116 | D:12     | Noticed Azrael
 12430 | D:13     | Found a gate to the Vaults.
 12567 | D:13     | Noticed Kirke
 12749 | D:13     | Noticed an eight-headed hydra
 12784 | D:13     | Slain by an eight-headed hydra

Vault maps used:
D:1:      dpeg_arrival_caged_fury
D:2:      grunt_ministairs_2, trog_three_pillars_becter
D:3:      first_bread, nicolae_ru_sacrificial_ziggurat, uniq_robin,
          uniq_jessica, uniq_crazy_yiuf_cottage, uniq_ijyb
D:4:      overflow_temple_1_default, nicolae_dithmenos_through_a_glass_darkly,
          uniq_edmund
D:5:      uniq_duvessa
D:6:      nicolae_ossuary_entry_monument, uniq_eustachio
D:7:      temple_doors_ab, led_sif_pool
D:9:      erik_lair_orcish_takeover
D:10:     orc_0_dummy, uniq_fannar
D:11:     argonaut_augean_stables
D:12:     nicolae_trove_entry_crossroad, grunt_ogre_cave, grunt_ministairs_10,
          statue_in_the_mist_lemuel, uniq_erolcha, uniq_rupert, uniq_azrael
D:13:     david_vaults_2, uniq_kirke
Temple:   minmay_crystal_snake_temple
Ossuary:  minmay_ossuary_two_tombs

Skill      XL: |  1  2  3  4  5  6  7  8  9 10 11 12 |
---------------+-------------------------------------+-----
Stealth        | 5 6 7 8 10 11 12 13 | 13.9
Hexes          | 5 6 7 8 9 10 12 13 | 13.2
Fighting       | 1 2 3 4 5 6 7 8 |  8.1
Short Blades   | 2 3 4 5 6 7 8 9 |  9.6
Dodging        | 3 4 5 6 8 9 |  9.9
Spellcasting   | 3 4 5 6 7 8 |  8.5

Action                   |  1- 3 |  4- 6 |  7- 9 | 10-12 || total
-------------------------+-------+-------+-------+-------++-------
Melee: Dagger            |   125 |   143 |   377 |   391 ||  1036
       Bite              |    10 |    11 |    47 |    31 ||    99
Throw: Throwing net      |       |       |       |     2 ||     2
 Cast: Ensorcelled Hiber |    21 |    25 |    50 |   159 ||   255
       Confuse           |       |     1 |    25 |    64 ||    90
       Tukima's Dance    |       |       |     1 |    17 ||    18
       Dazzling Spray    |       |       |       |    11 ||    11
Invok: Potion Petition   |       |       |       |     2 ||     2
 Abil: End Transformatio |       |       |       |     2 ||     2
       Bat Form          |       |       |       |     2 ||     2
Evoke: Wand              |       |       |       |     4 ||     4
  Use: Scroll            |       |       |    14 |     7 ||    21
       Potion            |       |       |     1 |     1 ||     2
 Stab: Sleeping          |    14 |    33 |    76 |   108 ||   231
       Distracted        |       |     1 |       |     4 ||     5
       Confused          |       |     1 |    15 |    17 ||    33
       Invisible         |       |       |       |     4 ||     4
       Held in net/web   |       |       |       |     4 ||     4
Armor: Robe              |    18 |     8 |    42 |    48 ||   116
       Leather armour    |       |    26 |    19 |       ||    45
Dodge: Dodged            |    95 |    83 |   187 |   289 ||   654
Block: Other             |       |    10 |    26 |    18 ||    54
       Reflection        |       |       |       |     2 ||     2
